 Dungeon Crawl Stone Soup version 0.20-a0-1124-g2e29d97 (webtiles) character file.

26 Hook the Charmwright (level 2, -8/22 HPs)
             Began as a Vampire Skald on May 15, 2017.
             Mangled by a gnoll
             ... wielding a +0 flail of venom
              (10 damage)
             ... on level 1 of the Dungeon.
             The game lasted 00:02:45 (916 turns).

Hook the Charmwright (Vampire Skald)                 Turns: 916, Time: 00:02:46

Health: -8/22      AC:  3    Str: 10    XL:     2   Next: 89%
Magic:  1/5        EV: 12    Int: 15    God:
Gold:   41         SH:  0    Dex: 13    Spells: 2/5 levels left

rFire    . . .     SeeInvis +   a - +0 short sword
rCold    . . .     Gourm    .   (no shield)
rNeg     + . .     Faith    .   b - +0 leather armour
rPois    .         Spirit   .   (no helmet)
rElec    .         Reflect  .   (no cloak)
rCorr    .         Harm     .   (no gloves)
MR       .....                  (no boots)
Stlth    +.........             (no amulet)
Regen    0.1/turn               (no ring)
MPRegen  0.1/turn               (no ring)

@: lethally poisoned (-8 -> -24), infused (expiring), singing
A: fangs 3, see invisible, unbreathing
a: no special abilities


You were on level 1 of the Dungeon.
You were not thirsty.

You visited 1 branch of the dungeon, and saw 1 of its levels.

You collected 41 gold pieces.

Inventory:

Hand Weapons
 a - a +0 short sword (weapon)
Missiles
 h - 38 stones (quivered)
Armour
 b - a +0 leather armour (worn)
Jewellery
 e - an uncursed ring of magical power {unknown}
Scrolls
 f - a scroll of blinking {unknown}
 g - a scroll of teleportation {unknown}
 i - a scroll of fear {unknown}
Potions
 d - 2 potions of blood
Books
 c - a book of Battle

   Spells                             Type                      Level
   a - Infusion                       Charms                       1
   b - Shroud of Golubria             Charms/Translocation         2
   c - Song of Slaying                Charms                       2
   d - Spectral Weapon                Hexes/Charms                 3
   e - Regeneration                   Charms/Necromancy            3


   Skills:
 * Level 2.0 Fighting
 + Level 2.4 Short Blades
 + Level 0.8 Armour
 * Level 2.3 Dodging
 * Level 2.3 Spellcasting
 + Level 3.8 Charms


You had 2 spell levels left.
You knew the following spells:

 Your Spells              Type           Power        Failure   Level  Hunger
a - Infusion              Chrm           ##..         6%          1    #......
b - Song of Slaying       Chrm           ##......     9%          2    ###....


Dungeon Overview and Level Annotations

Branches:
Dungeon (1/15)

Altars:


Innate Abilities, Weirdness & Mutations

You have razor-sharp teeth.
You have supernaturally acute eyesight. (SInv)
You can survive without breathing.


Message History

You are too injured to fight recklessly!
You are too injured to fight recklessly!
You are too injured to fight recklessly!
You are too injured to fight recklessly!
You are too injured to fight recklessly!
You barely miss the gnoll. Your bite misses the gnoll.
The gnoll is severely wounded.
* * * LOW HITPOINT WARNING * * *
You feel sick. The gnoll closely misses you.
You barely miss the gnoll.
The gnoll is severely wounded.
* * * LOW HITPOINT WARNING * * *
You feel sick. The gnoll closely misses you.
You hit the gnoll.
The gnoll is almost dead.
Your magical infusion is running out.
* * * LOW HITPOINT WARNING * * *
You feel sick.
The gnoll hits you with a flail of venom!
You die...

.# #.## ### .... #?.
..... #.# ########.....
#.# ............. #.#
.......# #g# )รท...#.##
#@# .#...#..# ###.#
##......######...#######
##....................>#
####.#.######.##.####.#
#..#.# #### #.# #.#
###...#.## #.. ..# #.#
......#..# #.# ##.# #.#
###...##.###.# #.# #.#


You could see a gnoll.

Vanquished Creatures
  3 dart slugs (D:1)
  A bat (D:1)
  2 giant cockroaches (D:1)
  2 goblins (D:1)
  3 hobgoblins (D:1)
  2 jackals (D:1)
  A frilled lizard (D:1)
  A kobold (D:1)
  4 rats (D:1)
19 creatures vanquished.

Notes
Turn   | Place    | Note
-------+----------+-------------------------------------------
     0 | D:1      | Hook the Vampire Skald began the quest for the Orb.
     0 | D:1      | Reached XP level 1. HP: 16/16 MP: 3/3
    75 | D:1      | Reached XP level 2. HP: 6/22 MP: 1/5
   312 | D:1      | Learned a level 2 spell: Song of Slaying
   916 | D:1      | Mangled by a gnoll

Vault maps used:
D:1:      roderic_crossed_star

Skill      XL: |  1  2 |
---------------+-------+-----
Fighting       | 2 |  2.0
Short Blades   | |  2.4
Armour         | |  0.8
Dodging        | |  2.3
Spellcasting   | |  2.3
Charms         | |  3.8

Action                   || total
-------------------------++-------
Melee: Short sword       ||    68
       Bite              ||     4
Throw: Stone             ||    12
 Cast: Infusion          ||     5
       Song of Slaying   ||     1
Armor: Leather armour    ||    13
Dodge: Dodged            ||    36
